 Dungeon Crawl Stone Soup version 0.28-a0-932-g843f935a50 (webtiles) character file.

Game seed: 17070406056800208120

20151 Hipnos the Frost Mage (level 12, -14/61 HPs)
             Began as a Deep Elf Ice Elementalist on Nov 27, 2021.
             Was a Priest of Vehumet.
             Demolished by a naga (15 damage)
             ... on level 3 of the Lair of Beasts on Nov 28, 2021.
             The game lasted 00:48:41 (16258 turns).

Hipnos the Frost Mage (Deep Elf Ice Elementalist)  Turns: 16258, Time: 00:48:42

Health: -14/61     AC: 17    Str:  8    XL:     12   Next: 42%
Magic:  1/32       EV: 11    Int: 26    God:    Vehumet [***...]
Gold:   745        SH:  0    Dex: 15    Spells: 13/40 levels left

rFire   . . .      SeeInvis +   G - +7 hand axe "Zuetsip" {vorpal, Contam rC+++ Str+3 SInv}
rCold   + + +      Faith    .   (no shield)
rNeg    + . .      Spirit   .   J - +2 robe {rN+}
rPois   .          Reflect  .   (no helmet)
rElec   .          Harm     .   M - +0 cloak
rCorr   .          Rampage  .   h - +0 pair of gloves
Will    ++...                   (no boots)
Stlth   ++........              (no amulet)
HPRegen 0.20/turn               r - ring of willpower
MPRegen 0.23/turn               d - ring of wizardry

@: lethally poisoned (-14 -> -17), ice-armoured, freezing walls, constricted
A: no striking features
a: Renounce Religion


You were on level 3 of the Lair of Beasts.
You worshipped Vehumet.
Vehumet was most pleased with you.
You visited 3 branches of the dungeon, and saw 13 of its levels.

You collected 745 gold pieces.

Inventory:

Hand Weapons
 l - a +2 dagger of venom
 m - a +4 whip of pain
 n - a +0 dagger
 t - a +2 dagger of draining
 B - a +2 dagger of draining
 G - the +7 hand axe "Zuetsip" (weapon) {vorpal, Contam rC+++ Str+3 SInv}
   (You found it on level 1 of the Lair of Beasts)

   It inflicts extra damage upon your enemies.
   Str:       It affects your strength (+3).
   rC:        It renders you almost immune to cold.
   SInv:      It lets you see invisible.
   Contam:    It causes magical contamination when unequipped.
 I - a +4 dagger of draining
Missiles
 f - 4 throwing nets
Armour
 a - a +0 robe
 h - a +0 pair of gloves (worn)
 H - the +8 orange crystal plate armour {Archmagi, Int+3 Clar}
   (You found it on level 1 of the Lair of Beasts)

   Int:       It affects your intelligence (+3).
   Clar:      It protects you against confusion.
 J - a +2 robe of positive energy (worn)
 M - a +0 cloak (worn)
Magical Staves
 z - a staff of death
Jewellery
 d - a ring of wizardry (right hand)
 r - a ring of willpower (left hand)
 C - a ring of protection from cold
 L - a ring of protection from cold
Wands
 v - a wand of flame (65)
 y - a wand of mindburst (12)
 N - a wand of charming (3)
Scrolls
 c - 2 scrolls of fear
 g - 3 scrolls of silence
 i - 2 scrolls of blinking
 k - 2 scrolls of amnesia
 o - 2 scrolls of fog
 s - 4 scrolls of teleportation
 x - 2 scrolls of identify
 A - 2 scrolls of magic mapping
 E - a scroll of enchant armour {unknown}
Potions
 e - 7 potions of curing
 j - 3 potions of flight
 p - a potion of resistance {unknown}
 q - 3 potions of degeneration {unknown}
 u - 2 potions of might {unknown}
 w - a potion of ambrosia
 D - a potion of haste {unknown}
 F - a potion of invisibility {unknown}
 K - a potion of lignification {unknown}


   Skills:
 + Level 1.5 Fighting
 + Level 0.8 Axes
 + Level 1.1 Staves
 + Level 5.5 Dodging
 - Level 2.5 Stealth
 + Level 14.5 Spellcasting
 * Level 9.6 Conjurations
 + Level 0.2 Hexes
 * Level 6.3 Fire Magic
 * Level 14.9 Ice Magic


You had 13 spell levels left.
You knew the following spells:

 Your Spells              Type           Power      Damage    Failure   Level
a - Freeze                Ice            100%       1d11      0%          1
b - Frozen Ramparts       Ice            100%       1d12      0%          3
c - Ozocubu's Armour      Ice            77%        N/A       0%          3
d - Hailstorm             Conj/Ice       70%        3d15      1%          4
e - Stone Arrow           Conj/Erth      88%        3d12      1%          3
f - Magic Dart            Conj           100%       1d8       1%          1
g - Call Imp              Summ           19%        N/A       1%          2
h - Mephitic Cloud        Conj/Pois/Air  35%        N/A       1%          3
i - Foxfire               Conj/Fire      100%       2x1d9     1%          1
j - Dazzling Flash        Conj/Hex       88%        N/A       1%          3
k - Inner Flame           Hex/Fire       35%        N/A       1%          3

Your spell library contained the following spells:

 Spells                   Type           Power      Damage    Failure   Level
 Beastly Appendage        Tmut           36%        N/A       1%          1
 Sandblast                Erth           38%        2d10      1%          1
 Passwall                 Tmut/Erth      15%        N/A       1%          2
 Wereblood                Tmut           18%        N/A       1%          2
 Call Canine Familiar     Summ           19%        N/A       3%          3
 Portal Projectile        Hex/Tloc       38%        N/A       3%          3
 Spider Form              Tmut/Pois      18%        N/A       3%          3
 Leda's Liquefaction      Hex/Erth       9%         N/A       11%         4
 Animate Armour           Summ/Erth      38%        N/A       12%         4
 Silence                  Hex/Air        9%         N/A       28%         5
 Agony                    Necr           18%        N/A       32%         5
 Lehudib's Crystal Spear  Conj/Erth      22%        10d6      88%         8


Dungeon Overview and Level Annotations

Branches:
Dungeon (9/15)             Temple (1/1) D:7            Lair (3/6) D:8
 Shoals (0/4) Lair:3
  Snake: Lair:2-4    Spider: Lair:2-4       Orc: D:9-12

Altars:
Ashenzari
Cheibriados
Dithmenos
Elyvilon
Fedhas
Gozag
Hepliaklqana
Makhleb
Nemelex Xobeh
Okawaru
Qazlal
Ru
Sif Muna
Vehumet
Wu Jian
Xom
Yredelemnul
Zin
The Shining One

Annotations:
D:9 2 transporters, anonymous's ghost, novice DEIE


Message History

The elephant tramples you but does no damage.
The elephant trunk-slaps you.
* * * LOW HITPOINT WARNING * * *
The wall freezes the elephant!
You kill the elephant!
Vehumet accepts your kill.
You feel much better. The elephant barely misses you. x2
The wall freezes the naga!
A naga comes into view. It is wielding a +0 short sword.
The wall freezes the naga.
The naga hits you with a +0 long sword! The naga barely misses you.
Casting: Frozen Ramparts (safe; 0% risk of failure)
Confirm with . or Enter, or press ? or * to list all spells.
Aiming: Freeze (safe; 0% risk of failure)
Press: ? - help, Shift-Dir - straight line, f - elephant
Aim: an elephant (moderately wounded)
You freeze the elephant.
The elephant is moderately wounded.
The naga shouts!
The elephant misses you. The elephant barely misses you.
The wall freezes the naga.
The naga spits poison at you.
The splash of poison hits you but does no damage.
You are poisoned.
The wall freezes the naga.
Casting: Freeze (safe; 0% risk of failure)
Confirm with . or Enter, or press ? or * to list all spells.
A beastly little devil appears in a puff of flame.
You feel sick. The elephant barely misses you. The elephant misses you.
The wall freezes the naga.
The naga misses you. x2
You hit the naga but do no damage.
The naga is heavily wounded.
You barely miss the elephant. You hit the naga but do no damage.
You feel sick.
The wall freezes the naga!
The naga hits you with a +0 flail!!
* * * LOW HITPOINT WARNING * * *
The naga grabs you. The naga constricts you. The elephant tramples you.
* * * LOW HITPOINT WARNING * * *
You are held in place!
The elephant closely misses you.
The wall freezes the naga.
The naga hits you with a +0 long sword!
You die...

..# #...........#
...##.?.......#.#
###
......#......####
##≈≈ #....#.#...##
#≈≈≈ #....(..#..##
### #≈≈≈
##........#..###.#
##≈≈
#.......5.......##
###
##...Y..#<..P....###
#
#....N@####......#.#
.......N##
###.....## ....N.###
###.### ....N# ###
..... .... ... ##
... ..# #..#


You could see an elephant (ally target), 4 nagas and a friendly crimson imp
(summoned).

Vanquished Creatures
  A hydra (Lair:1)
  Harold (Lair:1)
  2 two-headed ogres (D:9)
  Nergalle (Lair:2)
  A skeletal warrior (D:9)
  An oklob plant (Lair:1)
  A merfolk siren (Lair:3)
  4 elephants (Lair:3)
  3 black mambas
  A cane toad (Lair:3)
  A rime drake (Lair:2)
  2 polar bears
  5 blink frogs (Lair:3)
  2 wraiths (D:9)
  Eustachio (D:4)
  31 yaks
  A basilisk (Lair:3)
  A steam dragon (D:8)
  A naga (Lair:3)
  10 water moccasins
  7 black bears
  A sky beast (D:7)
  An ice beast (D:9)
  An ogre (D:4)
  6 necrophages (Lair:3)
  22 wolves
  A phantom (D:7)
  3 kobold brigands
  Blork the orc (D:6)
  3 scorpions
  8 bullfrogs
  A gnoll sergeant (D:6)
  A wyvern skeleton (D:6)
  4 killer bees (D:8)
  An electric eel (D:9)
  2 howler monkeys (D:9)
  A centaur zombie (D:5)
  3 hounds
  4 orc priests
  A gnoll shaman (D:8)
  2 jellies
  A bullfrog skeleton (D:5)
  2 centaur skeletons
  2 iguanas
  2 orc wizards
  A killer bee zombie (D:4)
  A centaur simulacrum (D:9)
  A howler monkey zombie (D:7)
  10 gnolls
  7 adders
  A howler monkey simulacrum (D:9)
  4 white imps
  An ufetubus (D:9)
  A worm (D:2)
  3 dart slugs
  13 orcs
  6 bats
  3 endoplasms (D:2)
  6 giant cockroaches
  6 goblins
  4 hobgoblins
  5 jackals
  4 quokkas
  5 ball pythons
  A frilled lizard (D:3)
  18 kobolds
  3 rats
256 creatures vanquished.

Vanquished Creatures (collateral kills)
  A foxfire (Lair:3)
1 creature vanquished.

Vanquished Creatures (others)
  109 foxfires
  51 fungi
  49 plants
209 creatures vanquished.

Grand Total: 466 creatures vanquished

Notes
Turn   | Place    | Note
-------+----------+-------------------------------------------
     0 | D:1      | Hipnos the Deep Elf Ice Elementalist began the quest for
                  | the Orb.
     0 | D:1      | Reached XP level 1. HP: 10/10 MP: 6/6
   516 | D:1      | Reached XP level 2. HP: 15/15 MP: 5/8
  1114 | D:2      | Found a faded altar of an unknown god.
  1116 | D:2      | Reached skill level 5 in Ice Magic
  1442 | D:2      | Found a sacrificial altar of Ru.
  1510 | D:2      | Reached XP level 3. HP: 19/19 MP: 6/9
  1514 | D:2      | Learned a level 3 spell: Frozen Ramparts
  1518 | D:2      | Learned a level 3 spell: Ozocubu's Armour
  2541 | D:3      | Reached XP level 4. HP: 24/24 MP: 6/12
  3186 | D:3      | Learned a level 4 spell: Hailstorm
  3216 | D:4      | Noticed an ogre
  3229 | D:4      | Killed an ogre
  3230 | D:4      | Reached skill level 5 in Spellcasting
  3230 | D:4      | Reached skill level 1 in Conjurations
  3230 | D:4      | Reached XP level 5. HP: 18/28 MP: 3/14
  3466 | D:4      | Noticed Eustachio
  3477 | D:4      | Killed Eustachio
  3478 | D:4      | Reached XP level 6. HP: 23/32 MP: 4/16
  3944 | D:4      | Reached XP level 7. HP: 23/36 MP: 11/18
  4398 | D:4      | Learned a level 3 spell: Stone Arrow
  4760 | D:5      | Entered Level 5 of the Dungeon
  5871 | D:6      | Reached XP level 8. HP: 35/41 MP: 2/20
  6221 | D:6      | Learned a level 1 spell: Magic Dart
  6224 | D:6      | Learned a level 2 spell: Call Imp
  6228 | D:6      | Learned a level 3 spell: Mephitic Cloud
  6261 | D:6      | Noticed Blork the orc
  6268 | D:6      | Killed Blork the orc
  6599 | D:7      | Reached skill level 5 in Conjurations
  6887 | D:7      | Found a staircase to the Ecumenical Temple.
  6946 | Temple   | Entered the Ecumenical Temple
  7222 | Temple   | Became a worshipper of Vehumet
  7740 | D:8      | Reached XP level 9. HP: 30/45 MP: 1/23
  7755 | D:8      | Reached skill level 10 in Ice Magic
  8290 | D:8      | Found a staircase to the Lair.
  8504 | D:8      | Reached * piety under Vehumet
  8504 | D:8      | Offered knowledge of Foxfire by Vehumet.
  8505 | D:8      | Reached skill level 1 in Staves
  8505 | D:8      | Reached skill level 10 in Spellcasting
  8770 | D:8      | Learned a level 1 spell: Foxfire
  9269 | D:8      | Found a glowing golden altar of the Shining One.
  9270 | D:8      | Found a stormy altar of Qazlal.
  9644 | D:9      | Reached XP level 10. HP: 51/51 MP: 26/26
  9646 | D:9      | Noticed a two-headed ogre
  9656 | D:9      | Killed a two-headed ogre
  9657 | D:9      | Reached skill level 1 in Fire Magic
  9657 | D:9      | Noticed anonymous's ghost (novice DEIE)
  9683 | D:9      | Noticed a boulder beetle
  9688 | D:9      | Noticed a boulder beetle
  9747 | D:9      | Identified the ring "Yguureng" {Fly rPois Int+6}
  9755 | D:9      | Noticed an oklob plant
  9795 | D:9      | Found a transporter.
  9797 | D:9      | Found a transporter.
 10775 | D:9      | Noticed a two-headed ogre
 10785 | D:9      | Killed a two-headed ogre
 10898 | D:9      | Found the +5 scythe "Finisher" {speed, eviscerate}
 10974 | D:9      | Noticed a skeletal warrior
 10989 | D:9      | Killed a skeletal warrior
 11467 | D:9      | Learned a level 3 spell: Dazzling Flash
 11547 | Lair:1   | Entered Level 1 of the Lair of Beasts
 11547 | Lair:1   | Found the +8 orange crystal plate armour {Archmagi, Int+3
                  | Clar}
 11558 | Lair:1   | Reached skill level 1 in Fighting
 11766 | Lair:1   | Reached skill level 5 in Dodging
 11960 | Lair:1   | Noticed a black mamba
 11969 | Lair:1   | Killed a black mamba
 11970 | Lair:1   | Reached XP level 11. HP: 45/56 MP: 19/29
 12299 | Lair:1   | Noticed Harold
 12310 | Lair:1   | Killed Harold
 12523 | Lair:1   | Reached ** piety under Vehumet
 12523 | Lair:1   | Offered knowledge of Static Discharge by Vehumet.
 12669 | Lair:1   | Identified the +7 hand axe "Zuetsip" {vorpal, Contam rC+++
                  | Str+3 SInv}
 12698 | Lair:1   | Noticed a five-headed hydra
 12704 | Lair:1   | Killed a five-headed hydra
 12985 | Lair:1   | Noticed an oklob plant
 12994 | Lair:1   | Killed an oklob plant
 14097 | Lair:2   | Noticed Nergalle
 14104 | Lair:2   | Killed Nergalle
 14208 | Lair:2   | Reached skill level 5 in Fire Magic
 15097 | Lair:3   | Offered knowledge of Inner Flame by Vehumet.
 15102 | Lair:3   | Learned a level 3 spell: Inner Flame
 15212 | Lair:3   | Found a staircase to the Shoals.
 15250 | Lair:3   | Reached XP level 12. HP: 52/61 MP: 7/31
 15466 | Lair:3   | Reached *** piety under Vehumet
 16258 | Lair:3   | HP: 1/61 [elephant (6)]
 16258 | Lair:3   | Demolished by a naga

Illustrated notes

Levels and vault maps discovered:
D:1:      psy_arrival_fountain, layout_loops_corners, minmay_tromino_v4_c
D:2:      layout_loops_ring, shapermc_ecumenical_altar_pompeii, basic_altar
D:3:      layout_loops_ring
D:4:      layout_basic, minmay_circle_x, uniq_eustachio
D:5:      kennysheep_spiral_hall, layout_basic, corexii_leaking_fountain,
          hangedman_abyss_or_decor_lesser_grid, nrook_mini_vaults,
          amcnicky_mini_pool_small, solitary_fountain
D:6:      layout_loops_ring, nicolae_elevator_lobby_asterisk, uniq_blork_the_orc
D:7:      layout_rooms, minmay_temple_entry_mini_moons
D:8:      layout_loops_ring, mainiacjoe_overflow_big_doors,
          due_lair_maze_entry_diamond
D:9:      layout_loops_corners, nzn_ghost_randoct, serial_ice, serial_ice_n,
          serial_ice_f, serial_ice_l, serial_ice_g,
          minmay_guarded_unrand_finisher
Temple:   mainiacjoe_temple_cubbyholes
Lair:1:   layout_layer_cave, patterned_corridor, serial_bayou_shore_b,
          infiniplex_staircase_pool, uniq_harold
Lair:2:   layout_cave_pods, columned_hall_lemuel, uniq_nergalle
Lair:3:   layout_layer_cave, minmay_shoals_entry_lonely_mermaid,
          minmay_snake_entry_guardpost_medium, nicolae_quartered_pool_little,
          roderic_carrion_pond, lemuel_fruit_fields

Skill      XL: |  1  2  3  4  5  6  7  8  9 10 11 12 |
---------------+-------------------------------------+-----
Ice Magic      | 5 6 7 8 9 11 12 14 | 14.9
Spellcasting   | 4 5 6 7 8 10 12 13 14 | 14.5
Dodging        | 3 4 5 |  5.5
Conjurations   | 1 2 4 5 6 7 8 9 |  9.6
Staves         | 1 |  1.1
Fire Magic     | 3 5 6 |  6.3
Fighting       | 1 |  1.5
Axes           | |  0.8
Stealth        | |  2.5
Hexes          | |  0.2

Action                   |  1- 3 |  4- 6 |  7- 9 | 10-12 || total
-------------------------+-------+-------+-------+-------++-------
Melee: Unarmed           |    16 |       |       |       ||    16
       Dagger            |       |    32 |    20 |       ||    52
       Staff             |       |       |    22 |       ||    22
       Hand axe          |       |       |       |    28 ||    28
 Cast: Freeze            |    57 |    22 |    34 |    69 ||   182
       Frozen Ramparts   |     1 |     7 |    44 |    39 ||    91
       Ozocubu's Armour  |     1 |     4 |    16 |    27 ||    48
       Hailstorm         |       |     1 |    21 |    52 ||    74
       Stone Arrow       |       |       |    25 |    20 ||    45
       Magic Dart        |       |       |    46 |    80 ||   126
       Foxfire           |       |       |     2 |    72 ||    74
       Call Imp          |       |       |       |     3 ||     3
       Mephitic Cloud    |       |       |       |     1 ||     1
       Inner Flame       |       |       |       |     1 ||     1
  Use: Scroll            |       |       |    15 |     2 ||    17
       Potion            |       |       |       |     5 ||     5
 Stab: Distracted        |       |     1 |       |       ||     1
Armor: Robe              |    12 |    11 |    28 |    45 ||    96
Dodge: Dodged            |    48 |    44 |    54 |   101 ||   247

Table legend: (Time is in decaauts)
 A = Elapsed time spent in this place.
 B = Non-inter-level travel time spent in this place.
 C = Inter-level travel time spent in this place.
 D = Time resting spent in this place.
 E = Time spent auto-exploring this place.
 F = Levels seen in this place.
 G = Mean time per level.
                   A        B        C        D        E       F      G
               +--------+--------+--------+--------+--------+-----+--------+
         Total |  16291 |  16002 |    289 |   2011 |  12120 |  13 | 1253.2 |
       Dungeon |  11257 |  11068 |    189 |   1712 |   8035 |   9 | 1250.8 |
        Temple |    307 |    276 |     31 |      0 |    268 |   1 |  307.0 |
          Lair |   4726 |   4657 |     69 |    299 |   3816 |   3 | 1575.3 |
               +--------+--------+--------+--------+--------+-----+--------+

Top non-repeatable levels by time:
     D:9: 2191 daAuts
  Lair:1: 1791 daAuts
     D:8: 1788 daAuts
  Lair:2: 1573 daAuts
     D:4: 1561 daAuts
  Lair:3: 1362 daAuts
     D:6: 1248 daAuts
     D:3: 1166 daAuts
     D:2: 1128 daAuts
     D:1: 902 daAuts
     D:7: 726 daAuts
     D:5: 544 daAuts
  Temple: 307 daAuts
